 Dungeon Crawl Stone Soup version 0.25.1-9-gc5326a611f (webtiles) character file.

Game seed: 723638203611444152

23 Descartes the Ducker (level 2, -1/14 HPs)
             Began as a Felid Monk on Jan 3, 2021.
             Slain by a gnoll
             ... wielding a +0 spear
              (9 damage)
             ... on level 1 of the Dungeon.
             The game lasted 00:00:51 (416 turns).

Descartes the Ducker (Felid Monk)                    Turns: 416, Time: 00:00:52

Health: -1/14      AC:  1    Str:  7    XL:     2   Next: 75%
Magic:  3/3        EV: 20    Int: 11    God:
Gold:   22         SH:  0    Dex: 18    Spells: 1/1 levels left
                                        Lives:  0   Deaths: 0

rFire    . . .     SeeInvis +     - Unarmed
rCold    . . .     Gourm    .   (shield unavailable)
rNeg     . . .     Faith    .   (armour unavailable)
rPois    .         Spirit   .   (helmet unavailable)
rElec    .         Reflect  .   (cloak unavailable)
rCorr    .         Harm     .   (gloves unavailable)
MR       .....                  (boots unavailable)
Stlth    ++........             (no amulet)
HPRegen  0.04/turn              c - ring of attention (curse)
MPRegen  0.08/turn              (no ring)

@: quick
A: very small, no armour, no weapons or thrown items, stealth, claws 1, fangs 3,
see invisible, carnivore, speed 1, shaggy fur 1, slow metabolism 1, sharp paws
a: no special abilities


You were on level 1 of the Dungeon.
You were completely stuffed.

You visited 1 branch of the dungeon, and saw 1 of its levels.

You collected 22 gold pieces.

Inventory:

Missiles
 f - 2 stones
Jewellery
 c - a cursed ring of attention (left paw)
 e - an uncursed ring of wizardry {unknown}
Scrolls
 h - a scroll of immolation {unknown}
 i - a scroll of enchant weapon {unknown}
Potions
 b - a potion of curing {unknown}
 g - a potion of lignification {unknown}
Comestibles
 a - a ration
 d - 2 chunks of flesh


   Skills:
 - Level 3.0 Fighting
 + Level 4.5 Dodging
 + Level 3.5 Stealth
 + Level 3.3 Unarmed Combat


You had one spell level left.
You didn't know any spells.
Your spell library was empty.

Dungeon Overview and Level Annotations

Branches:
Dungeon (1/15)

Altars:


Innate Abilities, Weirdness & Mutations

You cannot wear armour.
You are incapable of wielding weapons or throwing items.
Your paws allow you to move quietly. (Stealth)
You have sharp claws.
You have razor-sharp teeth.
You have supernaturally acute eyesight. (SInv)
You are carnivorous and can eat meat at any time.
You cover ground quickly.
You are covered in fur. (AC +1)
You have a slow metabolism.
Your sharp claws are effective at attacking unaware monsters.


Message History

The hobgoblin is moderately wounded.
The hobgoblin closely misses you.
You claw the hobgoblin!
You kill the hobgoblin!
The kobold misses you.
You scratch the kobold.
The kobold is severely wounded.
The kobold hits you.
A hobgoblin comes into view. It is wielding a +0 club.
You scratch the kobold but do no damage.
You bite the kobold.
You kill the kobold!
The rat twitches its whiskers.
The rat completely misses you. The gnoll completely misses you.
You scratch the rat but do no damage. You bite the rat.
The rat is moderately wounded.
The rat bites you. The rat bites you but does no damage.
The gnoll hits you from afar with a +0 spear!
Ouch! That really hurt!
You die...

#...%.....# ##.
#.........##...
#..............
#..............
#..............
....g........
#.)rr......
#@.g# #.###
#(## #..#
#.##.##
#.##..###
#.###...#
##.#####.#
######
##.....##.#
#.....


You could see a gnoll, a hobgoblin and 2 rats.

Vanquished Creatures
  A leopard gecko (D:1)
  2 bats (D:1)
  3 goblins (D:1)
  3 hobgoblins (D:1)
  4 jackals (D:1)
  3 kobolds (D:1)
  2 frilled lizards (D:1)
  A rat (D:1)
19 creatures vanquished.

Notes
Turn   | Place    | Note
-------+----------+-------------------------------------------
     0 | D:1      | Descartes the Felid Monk began the quest for the Orb.
     0 | D:1      | Reached XP level 1. HP: 10/10 MP: 2/2
    84 | D:1      | Reached XP level 2. HP: 12/14 MP: 3/3
   416 | D:1      | Slain by a gnoll

Illustrated notes

Levels and vault maps discovered:
D:1:      dpeg_arrival_simpleton_b, layout_rooms, kennysheep_another_room

Skill      XL: |  1 |
---------------+----+-----
Stealth        | 3 |  3.5
Fighting       | |  3.0
Dodging        | |  4.5
Unarmed Combat | |  3.3

Action                   || total
-------------------------++-------
Melee: Unarmed           ||    50
       Bite              ||     6
       Punch             ||     1
  Use: Scroll            ||     1
 Stab: Sleeping          ||     2
  Eat: Chunk             ||     6
Armor: Skin              ||     4
Dodge: Dodged            ||    48
